 Dungeon Crawl Stone Soup version 0.28.0 (webtiles) character file.

Game seed: 17632934304060297673

123 freelancePsychic the Cutter (level 5, -3/40 HPs)
             Began as a Human Enchanter on Feb 9, 2022.
             Slain by a bullfrog (5 damage)
             ... on level 3 of the Dungeon.
             The game lasted 00:04:17 (2844 turns).

freelancePsychic the Cutter (Human Enchanter)       Turns: 2844, Time: 00:04:18

Health: -3/40      AC:  2    Str:  8 (9)  XL:     5   Next: 28%
Magic:  8/8        EV: 10    Int: 15 (17) God:
Gold:   61         SH:  0    Dex: 12 (13) Spells: 8/8 levels left

rFire   . . .      SeeInvis .   a - +1 dagger
rCold   . . .      Faith    .   (no shield)
rNeg    . . .      Spirit   .   j - +0 ring mail
rPois   .          Reflect  .   (helmet restricted)
rElec   .          Harm     .   (no cloak)
rCorr   .          Rampage  .   (no gloves)
Will    .....                   (no boots)
Stlth   +.........              (no amulet)
HPRegen 0.13/turn               (no ring)
MPRegen 0.11/turn               (no ring)

@: brilliant, weak-willed
A: antennae 1, deformed body, strong-willed 1
a: no special abilities


You were on level 3 of the Dungeon.
You visited 1 branch of the dungeon, and saw 3 of its levels.

You collected 61 gold pieces.

Inventory:

Hand Weapons
 a - a +1 dagger (weapon)
 e - a +0 shortbow
Missiles
 g - 36 arrows
Armour
 b - a +0 robe
 j - a +0 ring mail (worn)
Jewellery
 i - an amulet of the acrobat
Potions
 d - a potion of mutation


   Skills:
 + Level 2.9 Fighting
 + Level 3.2 Short Blades
 - Level 2.0 Dodging
 - Level 3.0 Stealth
 - Level 2.0 Spellcasting
 + Level 3.1 Hexes


You had 8 spell levels left.
You didn't know any spells.
Your spell library contained the following spells:

 Spells                   Type           Power      Damage    Failure   Level
 Ensorcelled Hibernation  Hex/Ice        18%        N/A       47%         2
 Confusing Touch          Hex            16%        N/A       50%         3
 Tukima's Dance           Hex            16%        N/A       50%         3
 Passwall                 Tmut/Erth      1%         N/A       71%         2
 Dazzling Flash           Conj/Hex       18%        N/A       71%         3
 Swiftness                Air            2%         N/A       90%         3


Dungeon Overview and Level Annotations

Branches:
Dungeon (3/15)

Altars:


Innate Abilities, Weirdness & Mutations

You have a pair of small antennae on your head.
Armour fits poorly on your strangely shaped body.
You are strong-willed. (Will+)


Message History

You hit the bullfrog.
The bullfrog is moderately wounded.
The bullfrog hits you.
You closely miss the bullfrog.
The bullfrog is moderately wounded.
The bullfrog hits you. x2
You hit the bullfrog.
The bullfrog is moderately wounded.
The bullfrog hits you!
You miss the bullfrog.
The bullfrog is moderately wounded.
The bullfrog barely misses you.
You barely miss the bullfrog.
The bullfrog is moderately wounded.
The bullfrog misses you.
As you read the scroll labelled JICEOCIQIWN, it crumbles to dust.
Magic quickly surges around you.
It was a scroll of vulnerability.
The bullfrog hits you. x2
Unknown command.
As you read the scroll labelled GEUBUQEHUOC, it crumbles to dust.
You feel strangely unstable.
It was a scroll of teleportation.
The bullfrog hits you.
* * * LOW HITPOINT WARNING * * *
The bullfrog completely misses you.
Your surroundings seem slightly different.
Found 4 gold pieces.
You aren't carrying any items that you can evoke.
You hit the bullfrog. Your punch misses the bullfrog.
The bullfrog is moderately wounded.
The bullfrog hits you.
* * * LOW HITPOINT WARNING * * *
You hit the bullfrog but do no damage.
The bullfrog is moderately wounded.
The bullfrog barely misses you.
You miss the bullfrog.
The bullfrog is moderately wounded.
The bullfrog hits you.
* * * LOW HITPOINT WARNING * * *
The bullfrog hits you.
You die...

#.# #.# .# # #.#
##.## .##.#
#.###...## ##....
#.##.....###...##
#.....÷.......#.#
#.##.....###...#
#####.###..<..F...#
#.....#
##.#.###.#####
#.###.#
#....@F.....# ###.#
#.# ###...#.###....
..#.# #.#
#......... ..
#.#.###.##
#....####..
#.#.##...# #....#
$..
#.#.##...####....##
..
#.#........##.###.#
. #.............#
##.#
#.#..>...†.#..# #.#


You could see a bullfrog (weak-willed).

Vanquished Creatures
  Jessica (D:3)
  4 adders (D:2)
  2 dart slugs (D:1)
  5 bats
  7 endoplasms
  9 goblins
  5 hobgoblins
  4 jackals (D:1)
  2 kobolds (D:1)
  4 quokkas
  3 ball pythons
  3 frilled lizards
  5 rats
54 creatures vanquished.

Notes
Turn   | Place    | Note
-------+----------+-------------------------------------------
     0 | D:1      | freelancePsychic the Human Enchanter began the quest for
                  | the Orb.
     0 | D:1      | Reached XP level 1. HP: 13/13 MP: 3/3
   119 | D:1      | Reached skill level 1 in Fighting
   119 | D:1      | Reached XP level 2. HP: 14/21 MP: 5/5
   598 | D:1      | Reached XP level 3. HP: 24/26 MP: 6/6
  1460 | D:2      | Reached XP level 4. HP: 33/33 MP: 7/7
  2628 | D:3      | Reached XP level 5. HP: 39/39 MP: 8/8
  2650 | D:3      | Noticed Jessica
  2679 | D:3      | Killed Jessica
  2811 | D:3      | Noticed a bullfrog
  2823 | D:3      | Gained mutation: Armour fits poorly on your strangely
                  | shaped body. [potion of mutation]
  2823 | D:3      | Gained mutation: You are strong-willed. (Will+) [potion of
                  | mutation]
  2823 | D:3      | Gained mutation: You have a pair of small antennae on your
                  | head. [potion of mutation]
  2844 | D:3      | HP: 2/40 [bullfrog (4)]
  2844 | D:3      | Slain by a bullfrog

Illustrated notes

Levels and vault maps discovered:
D:1:      psy_arrival_wood_between_worlds, layout_loops_cross
D:2:      layout_basic, minmay_tall_x
D:3:      layout_loops_ring, minmay_misc_feat_cross, minivault_24, uniq_jessica,
          uniq_crazy_yiuf_cottage, uniq_grinder, uniq_robin

Skill      XL: |  1  2  3  4 |
---------------+-------------+-----
Fighting       | 1 2 |  2.9
Short Blades   | 2 3 |  3.2
Dodging        | |  2.0
Stealth        | |  3.0
Spellcasting   | |  2.0
Hexes          | |  3.1

Action                   |  1- 3 |  4- 6 || total
-------------------------+-------+-------++-------
Melee: Dagger            |   121 |   115 ||   236
       Punch             |       |     2 ||     2
  Use: Potion            |     1 |     5 ||     6
       Scroll            |       |     2 ||     2
 Stab: Sleeping          |    10 |     4 ||    14
       Invisible         |     1 |     2 ||     3
Armor: Robe              |    20 |     5 ||    25
       Ring mail         |       |    18 ||    18
Dodge: Dodged            |    69 |    58 ||   127
